 Dungeon Crawl Stone Soup version 0.31-a0-360-gb3e1d13bf4 (webtiles) character file.

Game seed: 17313026595237561791

2689 randomguy2701 the Cleaver (level 9, -1/78 HPs)
             Began as a Minotaur Fighter on July 26, 2023.
             Was a Priest of Kikubaaqudgha.
             Slain by a two-headed ogre
             ... wielding a +0 giant spiked club
              (23 damage)
             ... on level 8 of the Dungeon.
             The game lasted 00:12:12 (6271 turns).

randomguy2701 the Cleaver (Minotaur Fighter)        Turns: 6271, Time: 00:12:14

Health: -1/78      AC: 15    Str: 20    XL:     9   Next: 38%
Magic:  8/8        EV:  7    Int:  5    God:    Kikubaaqudgha [***...]
Gold:   359        SH: 11    Dex: 15    Spells: 2/8 levels left

rFire   . . .        a - +0 war axe
rCold   . . .        c - +0 buckler
rNeg    . . .        k - +0 plate armour
rPois   .            (helmet restricted)
rElec   .            (no cloak)
rCorr   +            (no gloves)
SInv    .            l - +0 pair of boots
Will    .....        p - amulet of reflection Stlth
                     (no ring)
HPRegen 0.33/turn    s - ring of resist corrosion
MPRegen 0.11/turn

%: reflection
@: no status effects
A: horns 2, retaliatory headbutt
a: Renounce Religion, Unearth Wretches


You were on level 8 of the Dungeon.
You worshipped Kikubaaqudgha.
Kikubaaqudgha was most pleased with you.
You visited 1 branch of the dungeon, and saw 8 of its levels.

You collected 359 gold pieces.

Inventory:

Hand Weapons
 a - a +0 war axe (weapon)
Armour
 c - a +0 buckler (worn)
 k - a +0 plate armour (worn)
 l - a +0 pair of boots (worn)
Jewellery
 p - an amulet of reflection (around neck)
 s - a ring of resist corrosion (right hand)
 t - a ring of fire
 u - a ring of wizardry
 B - a ring of protection from cold
 C - a ring of ice
Wands
 r - a wand of flame (10)
 y - a wand of digging (7)
 G - a wand of quicksilver (4)
Scrolls
 e - 3 scrolls of teleportation {unknown}
 f - 2 scrolls of fear {unknown}
 h - a scroll of poison {unknown}
 i - 6 scrolls of identify {unknown}
 j - a scroll of fog {unknown}
 m - a scroll of vulnerability {unknown}
 o - 5 scrolls of amnesia {unknown}
 q - a scroll of butterflies {unknown}
 D - a scroll of acquirement {unknown}
 E - 2 scrolls of brand weapon {unknown}
 F - a scroll of torment {unknown}
Potions
 b - 3 potions of lignification {unknown}
 d - a potion of might
 g - a potion of haste {unknown}
 n - 2 potions of brilliance {unknown}
 v - 2 potions of curing {unknown}
 w - 2 potions of mutation {unknown}
 x - a potion of heal wounds {unknown}
 z - a potion of attraction {unknown}
 A - a potion of ambrosia {unknown}


   Skills:
 + Level 6.7 Fighting
 + Level 10.9 Axes
 + Level 8.1 Armour
 + Level 2.2 Dodging
 + Level 6.7 Shields


You had 2 spell levels left.
You knew the following spells:

 Your Spells              Type           Power      Damage    Failure   Level
a - Necrotise             Necr           0%         1d4       100%        1
b - Animate Dead          Necr           0%         N/A       100%        4
c - Kiss of Death         Conj/Necr      0%         2d5       100%        1

Your spell library contained the following spells:

 Spells                   Type           Power      Damage    Failure   Level
 Freeze                   Ice            0%         1d3       100%        1
 Cigotuvi's Dreadful Rot  Necr/Pois/Air  0%         N/A       100%        2
 Frozen Ramparts          Ice            0%         1d1       100%        3
 Hailstorm                Conj/Ice       0%         3d3       100%        3
 Inner Flame              Hex/Fire       0%         N/A       100%        3
 Tukima's Dance           Hex            0%         N/A       100%        3
 Flame Wave               Conj/Fire      0%         2d4       100%        4
 Passage of Golubria      Tloc           0%         N/A       100%        4
 Sticky Flame             Conj/Fire      0%         2d3       100%        4
 Agony                    Necr           0%         N/A       100%        5
 Borgnjor's Vile Clutch   Necr/Erth      0%         N/A       100%        5
 Yara's Violent Unravell  Hex/Tmut       0%         3d3       100%        5
 Death Channel            Necr           0%         N/A       100%        6
 Simulacrum               Ice/Necr       0%         N/A       100%        6


Dungeon Overview and Level Annotations

Branches:
Dungeon (8/15)             Temple (0/1) D:4
   Lair: D:8-11

Altars:
Dithmenos
Kikubaaqudgha
Sif Muna

Shops:
D:2 [**[[   D:3 (   D:5 (


Innate Abilities, Weirdness & Mutations

You have a pair of horns on your head.
You reflexively headbutt those who attack you in melee.


Message History

Kikubaaqudgha accepts your kill.
No target in view!
No target in view!
No target in view!
No target in view!
No target in view!
You see here a +1 pair of boots.
You see here a +1 pair of boots.
A two-headed ogre comes into view.
It is wielding a +0 giant spiked club and a +0 giant club.
Found a notched cabochon ring.
A two-headed ogre is nearby!
The two-headed ogre hits you with a +0 giant spiked club!
The two-headed ogre hits you with a +0 giant club.
You barely miss the two-headed ogre. You closely miss the two-headed ogre.
Your headbutt misses the two-headed ogre.
The two-headed ogre barely misses you. You furiously retaliate!
You headbutt the two-headed ogre.
The two-headed ogre hits you with a +0 giant club.
You slash the two-headed ogre!
The two-headed ogre is moderately wounded.
The two-headed ogre hits you with a +0 giant spiked club!
You block the two-headed ogre's attack.
You hit the two-headed ogre.
The two-headed ogre is moderately wounded.
You hit the two-headed ogre. You headbutt the two-headed ogre!
The two-headed ogre is heavily wounded.
The two-headed ogre hits you with a +0 giant spiked club!
The two-headed ogre barely misses you.
You are too injured to fight recklessly!
You are too injured to fight recklessly!
You are too injured to fight recklessly!
You hit the two-headed ogre.
Your headbutt misses the two-headed ogre.
The two-headed ogre is heavily wounded.
The two-headed ogre hits you with a +0 giant spiked club!
* * * LOW HITPOINT WARNING * * *
The two-headed ogre hits you with a +0 giant club!!
You die...
Kikubaaqudgha rasps: "You have failed me!
Welcome... death!"

#.......#...#)#)#
#.................
####'###...#.###.#.#
#............. ..#.#
######†............
### #
#............###...
###......###...# #..
#........# #...#
#...[....# #.@.#
#........# #..O#
#.......(# #.....
#........# ##......
#...###### #..=.....
#...# #........
##### #........
#........


You could see a two-headed ogre.

Vanquished Creatures
  Maggie (D:8)
  Sigmund (D:2)
  A steam dragon (D:7)
  3 ice beasts
  An ogre (D:6)
  A centaur (D:6)
  A phantom (D:4)
  4 bullfrogs
  7 wights (D:7)
  3 jellies
  4 hounds
  A gnoll bouda (D:5)
  4 orc priests
  2 iguanas (D:6)
  10 orc wizards
  7 gnolls
  10 adders
  A shadow imp (D:6)
  2 white imps (D:6)
  2 ufetubi (D:5)
  2 worms (D:3)
  4 dart slugs
  29 orcs
  8 endoplasms
  3 giant cockroaches
  12 hobgoblins
  6 jackals (D:3)
  5 quokkas
  8 ball pythons
  12 bats
  3 frilled lizards
  8 goblins
  11 kobolds
  4 rats (D:1)
181 creatures vanquished.

Notes
Turn   | Place    | Note
-------+----------+-------------------------------------------
     0 | D:1      | randomguy2701 the Minotaur Fighter began the quest for the
                  | Orb.
     0 | D:1      | Reached XP level 1. HP: 19/19 MP: 0/0
    18 | D:1      | Reached XP level 2. HP: 22/27 MP: 1/1
   169 | D:1      | Reached skill level 3 in Axes
   185 | D:1      | Reached XP level 3. HP: 30/33 MP: 2/2
   456 | D:2      | Found Kunex's Antique Armour Boutique.
   521 | D:2      | Found a faded altar of an unknown god.
   666 | D:2      | Found Tukhligg's Antique Armour Shop.
   839 | D:3      | Reached XP level 4. HP: 30/40 MP: 3/3
  1273 | D:3      | Reached skill level 1 in Dodging
  1280 | D:3      | Reached skill level 4 in Axes
  1560 | D:3      | Reached XP level 5. HP: 41/46 MP: 4/4
  1906 | D:3      | Found Zirph's Weapon Shop.
  2091 | D:4      | Reached skill level 5 in Axes
  2280 | D:4      | Found a shimmering blue altar of Sif Muna.
  2334 | D:4      | Noticed a phantom
  2340 | D:4      | Killed a phantom
  2341 | D:4      | Reached skill level 5 in Armour
  2341 | D:4      | Reached XP level 6. HP: 53/53 MP: 5/5
  2510 | D:4      | Found a shadowy altar of Dithmenos.
  2626 | D:4      | Found a staircase to the Ecumenical Temple.
  2945 | D:2      | Prayed at the altar of an unknown god.
  2945 | D:2      | Became a worshipper of Kikubaaqudgha
  2945 | D:2      | Reached * piety under Kikubaaqudgha
  2945 | D:2      | Received a gift from Kikubaaqudgha
  3011 | D:2      | Found Linyewa's Assorted Antiques.
  3037 | D:2      | Found Ampuk's Antique Armour Emporium.
  3056 | D:2      | Noticed Sigmund
  3067 | D:2      | Reached skill level 6 in Axes
  3074 | D:2      | Killed Sigmund
  3075 | D:2      | Reached XP level 7. HP: 35/60 MP: 6/6
  3175 | D:2      | Found Sesom's Assorted Antiques.
  3490 | D:5      | Entered Level 5 of the Dungeon
  3843 | D:5      | Found Xasubbir's Weapon Shoppe.
  3901 | D:5      | Reached skill level 5 in Fighting
  3958 | D:5      | Reached skill level 7 in Axes
  4118 | D:5      | Reached ** piety under Kikubaaqudgha
  4119 | D:5      | Reached skill level 5 in Shields
  4775 | D:6      | Reached XP level 8. HP: 68/68 MP: 7/7
  4839 | D:6      | Reached skill level 8 in Axes
  5376 | D:6      | Learned a level 1 spell: Necrotise
  5381 | D:6      | Learned a level 4 spell: Animate Dead
  5383 | D:6      | Learned a level 1 spell: Kiss of Death
  5410 | D:7      | Reached skill level 9 in Axes
  5607 | D:7      | Reached skill level 10 in Axes
  5607 | D:7      | Reached XP level 9. HP: 64/72 MP: 8/8
  5870 | D:7      | Reached *** piety under Kikubaaqudgha
  5870 | D:7      | Received a gift from Kikubaaqudgha
  5893 | D:7      | Identified the +0 ring mail "Suruga" {rElec Slay+3}
  6119 | D:8      | Noticed Maggie
  6128 | D:8      | Killed Maggie
  6262 | D:8      | Noticed a two-headed ogre
  6271 | D:8      | Slain by a two-headed ogre

Illustrated notes

Levels and vault maps discovered:
D:1:      reono_arrival_forest_river, layout_rooms, st_stairs_11
D:2:      layout_basic, serial_shops, nicolae_shop_rolling_square,
          nicolae_diamond_shop, nicolae_shop_statue_plus, shop, shop,
          dreamdust_ecumenical_altar_statues, hex_large, uniq_sigmund,
          uniq_crazy_yiuf_cottage
D:3:      layout_loops_ring, serial_shops, shop
D:4:      layout_gridville, mainiacjoe_overflow_boulevard,
          nicolae_sif_muna_little_library, minmay_temple_entry_glass,
          grunt_decor_resistance
D:5:      layout_cave_pods, serial_shops, nicolae_shop_tiny_statue_garden
D:6:      layout_rooms
D:7:      layout_gridville
D:8:      layout_basic, lemuel_round_altar, uniq_maggie

Skill      XL: |  1  2  3  4  5  6  7  8  9 |
---------------+----------------------------+-----
Armour         | 4 5 6 7 8 |  8.1
Axes           | 3 4 5 6 7 10 | 10.9
Shields        | 4 5 6 |  6.7
Fighting       | 4 5 6 |  6.7
Dodging        | 1 2 |  2.2

Action                     |  1- 3 |  4- 6 |  7- 9 || total
---------------------------+-------+-------+-------++-------
  Melee: War axe           |    98 |   137 |   234 ||   469
         Headbutt          |    12 |    22 |    49 ||    83
 Armour: Scale mail        |    50 |       |       ||    50
         Plate armour      |    18 |    73 |   139 ||   230
  Dodge: Dodged            |    55 |    34 |    67 ||   156
  Block: Buckler           |    36 |    49 |   132 ||   217
         Reflection        |       |     1 |     2 ||     3

Table legend: (Time is in decaauts)
 A = Elapsed time spent in this place.
 B = Non-inter-level travel time spent in this place.
 C = Inter-level travel time spent in this place.
 D = Time resting spent in this place.
 E = Time spent auto-exploring this place.
 F = Levels seen in this place.
 G = Mean time per level.
                   A        B        C        D        E       F      G
               +--------+--------+--------+--------+--------+-----+--------+
         Total |   6383 |   5999 |    384 |    657 |   4230 |   8 |  797.9 |
       Dungeon |   6383 |   5999 |    384 |    657 |   4230 |   8 |  797.9 |
               +--------+--------+--------+--------+--------+-----+--------+

Top non-repeatable levels by time:
     D:2: 1290 daAuts
     D:4: 1137 daAuts
     D:5: 1027 daAuts
     D:3: 937 daAuts
     D:7: 702 daAuts
     D:6: 634 daAuts
     D:1: 478 daAuts
     D:8: 173 daAuts
